 Dungeon Crawl Stone Soup version 0.29-a0-338-g1ff7896281 (webtiles) character file.

Game seed: 11868030304632224052

553 siradein the Chiller (level 7, -2/62 HPs)
             Began as a Naga Ice Elementalist on Apr 18, 2022.
             Slain by a gnoll
             ... wielding a +0 spear
              (4 damage)
             ... on level 4 of the Dungeon.
             The game lasted 00:10:42 (3564 turns).

siradein the Chiller (Naga Ice Elementalist)        Turns: 3564, Time: 00:10:43

Health: -2/62      AC:  4    Str: 10    XL:     7   Next: 29%
Magic:  6/12       EV: 10    Int: 18    God:
Gold:   160        SH:  0    Dex: 11    Spells: 2/13 levels left

rFire   . . .      SeeInvis +   a - +4 short sword (venom)
rCold   + . .      Faith    .   (no shield)
rNeg    . . .      Spirit   .   n - +0 animal skin
rPois   +          Reflect  .   m - +0 helmet
rElec   .          Harm     .   (no cloak)
rCorr   +          Rampage  .   (no gloves)
Will    .....                   (no barding)
Stlth   ++........              (no amulet)
HPRegen 0.20/turn               i - ring of protection from cold
MPRegen 0.13/turn               j - ring of resist corrosion

@: freezing walls, very slow
A: AC +2, large, see invisible, deformed body, poison resistance, slowness 2,
spit poison 1, naga tail 1
a: Spit Poison


You were on level 4 of the Dungeon.
You visited 1 branch of the dungeon, and saw 4 of its levels.

You collected 160 gold pieces.

Inventory:

Hand Weapons
 a - a +4 short sword of venom (weapon)
Armour
 m - a +0 helmet (worn)
 n - a +0 animal skin (worn)
Magical Staves
 f - a staff of air
Jewellery
 i - a ring of protection from cold (left hand)
 j - a ring of resist corrosion (right hand)
Wands
 e - a wand of mindburst (3)
Scrolls
 c - 2 scrolls of teleportation {unknown}
 d - a scroll of brand weapon {unknown}
 k - a scroll of torment {unknown}
 o - a scroll of enchant armour {unknown}
 q - 2 scrolls of identify {unknown}
Potions
 b - a potion of magic
 g - a potion of heal wounds {unknown}
 h - 2 potions of lignification {unknown}
 l - 3 potions of mutation {unknown}
 p - a potion of might {unknown}
 r - a potion of curing {unknown}
 s - a potion of berserk rage {unknown}


   Skills:
 + Level 3.5 Fighting
 + Level 3.4 Dodging
 - Level 3.0 Stealth
 + Level 3.9 Spellcasting
 + Level 5.4 Ice Magic


You had 2 spell levels left.
You knew the following spells:

 Your Spells              Type           Power      Damage    Failure   Level
a - Freeze                Ice            92%        1d10      1%          1
b - Frozen Ramparts       Ice            46%        1d6       4%          3
c - Ozocubu's Armour      Ice            23%        N/A       4%          3
d - Hailstorm             Conj/Ice       13%        3d5       43%         4

Your spell library contained the following spells:

 Spells                   Type           Power      Damage    Failure   Level
 Sting                    Tmut/Pois      12%        1d3       16%         1
 Poisonous Vapours        Pois/Air       6%         N/A       22%         2
 Call Canine Familiar     Summ           3%         N/A       41%         3
 Gell's Gravitas          Tloc           3%         N/A       41%         3
 Portal Projectile        Hex/Tloc       6%         N/A       41%         3
 Teleport Other           Tloc           3%         N/A       41%         3
 Leda's Liquefaction      Hex/Erth       1%         N/A       83%         4
 Olgreb's Toxic Radiance  Pois           3%         N/A       83%         4
 Dispersal                Tloc           1%         N/A       100%        6


Dungeon Overview and Level Annotations

Branches:
Dungeon (4/15)
 Temple: D:4-7

Altars:
Sif Muna

Shops:
D:3 !(


Innate Abilities, Weirdness & Mutations

Your serpentine skin is tough. (AC +2)
You have supernaturally acute eyesight. (SInv)
Armour fits poorly on your strangely shaped body.
Your system is resistant to poisons. (rPois)
You cover ground very slowly.
You can spit poison.
You have a snake-like lower body.


Message History

Casting: Frozen Ramparts (dangerous; 4% risk of failure)
Press: ? - help, Dir - look around, f - activate The walls around you are covered in ice.
You feel sick.
The wall freezes the giant cockroach.
You kill the giant cockroach!
The wall freezes the orc!
You kill the orc!
The frozen ramparts melt away as you move.
You feel very sick.
You feel sick.
You feel sick.
You feel sick.
You feel sick.
You feel sick.
You are no longer poisoned.
An orc priest comes into view.
It is wielding a +0 whip. 2 gnolls come into view.
Found a robe.
A gnoll comes into view. It is wielding a +0 halberd.
The gnoll shouts! x2; You hear a shout! x2; The gnoll shouts!
An orc and an orc wizard come into view.
The orc shouts!
The orc wizard shouts!
The gnoll closely misses you.
The gnoll hits you from afar with a +0 spear!
* * * LOW HITPOINT WARNING * * *
The orc wizard mumbles some strange words.
The orc wizard flickers and vanishes for a moment.
An orc comes into view. It is wielding a +0 club.
Casting: Frozen Ramparts (dangerous; 4% risk of failure)
Confirm with . or Enter, or press ? or * to list all spells.
Casting: Frozen Ramparts (dangerous; 4% risk of failure)
Press: ? - help, Dir - look around, f - activate The walls around you are covered in ice.
The orc priest shouts!
You hear a shout!
The wall freezes the gnoll.
The gnoll hits you from afar with a +0 halberd!
* * * LOW HITPOINT WARNING * * *
The wall freezes the gnoll.
The gnoll hits you from afar with a +0 spear.
You die...

..# #.# #.###
#...### #.....
#.#####ggg#
..oooo..[#
#@.##########
#...........#
##.########.#
#.# #.# ..#
#)###### .###
#)...(.. #.
######.......
.
.......#.#####
##
...###..<.....


You could see an orc priest, an orc wizard (invisible), 3 gnolls and 2 orcs.

Vanquished Creatures
  Grinder (D:3)
  2 scorpions
  Natasha (thrice) (D:3)
  Ijyb (D:2)
  Robin (D:2)
  2 adders (D:3)
  2 worms
  8 orcs
  6 endoplasms
  4 giant cockroaches
  17 goblins
  8 hobgoblins
  4 jackals (D:1)
  5 ball pythons
  5 bats
  4 frilled lizards
  6 kobolds
  2 rats
81 creatures vanquished.

Vanquished Creatures (others)
  A fungus (D:2)
1 creature vanquished.

Grand Total: 82 creatures vanquished

Notes
Turn   | Place    | Note
-------+----------+-------------------------------------------
     0 | D:1      | siradein the Naga Ice Elementalist began the quest for the
                  | Orb.
     0 | D:1      | Reached XP level 1. HP: 15/15 MP: 3/3
   323 | D:1      | Reached XP level 2. HP: 24/24 MP: 3/5
   854 | D:1      | Reached skill level 1 in Fighting
   929 | D:1      | Reached XP level 3. HP: 31/31 MP: 3/6
  1355 | D:2      | Found a shimmering blue altar of Sif Muna.
  1411 | D:2      | Found a faded altar of an unknown god.
  1490 | D:2      | Learned a level 3 spell: Frozen Ramparts
  1644 | D:2      | Noticed Robin
  1675 | D:2      | Killed Robin
  1676 | D:2      | Reached XP level 4. HP: 32/38 MP: 3/7
  1728 | D:2      | Noticed Ijyb
  1738 | D:2      | Killed Ijyb
  2310 | D:3      | Reached XP level 5. HP: 45/45 MP: 4/9
  2571 | D:3      | Found Ocery's Distillery.
  2595 | D:3      | Noticed Natasha
  2664 | D:3      | Noticed Grinder
  2672 | D:3      | Killed Natasha
  2741 | D:3      | Paralysed by Grinder for 4 turns
  2754 | D:3      | Killed Grinder
  2755 | D:3      | Reached skill level 5 in Ice Magic
  2755 | D:3      | Reached XP level 6. HP: 14/56 MP: 1/11
  3060 | D:3      | Found Bela's Weapon Shoppe.
  3090 | D:3      | Reached XP level 7. HP: 61/62 MP: 6/12
  3094 | D:3      | Learned a level 3 spell: Ozocubu's Armour
  3099 | D:3      | Learned a level 4 spell: Hailstorm
  3159 | D:3      | Noticed Natasha
  3166 | D:3      | Killed Natasha
  3408 | D:3      | Noticed Natasha
  3414 | D:3      | Killed Natasha
  3564 | D:4      | HP: 2/62 [gnoll/+0 halberd (10)]
  3564 | D:4      | Slain by a gnoll

Illustrated notes

Levels and vault maps discovered:
D:1:      minmay_arrival_four_houses, layout_loops_cross
D:2:      kennysheep_the_goblin_king, layout_rooms, basic_altar,
          shapermc_ecumenical_altar_rom_forum, hangedman_decor_push,
          minmay_pentomino_z4, uniq_robin
D:3:      layout_loops_ring, serial_shops, nicolae_shop_hallway_plus, shop,
          uniq_grinder, uniq_natasha
D:4:      cheibrodos_thug_alley, layout_loops_ring, general_overflow_altar,
          cheibrodos_sewer_entry_bend

Skill      XL: |  1  2  3  4  5 |
---------------+----------------+-----
Fighting       | 1 2 3 |  3.5
Dodging        | 2 3 |  3.4
Spellcasting   | 3 |  3.9
Ice Magic      | 5 |  5.4
Stealth        | |  3.0

Action                   |  1- 3 |  4- 6 |  7- 9 || total
-------------------------+-------+-------+-------++-------
Melee: Dagger            |     3 |     5 |       ||     8
       Short sword       |       |    10 |       ||    10
 Cast: Freeze            |    50 |    45 |     4 ||    99
       Frozen Ramparts   |     1 |     6 |     4 ||    11
 Abil: Spit Poison       |     2 |     2 |       ||     4
Armor: Robe              |     8 |       |       ||     8
       Animal skin       |       |     8 |     2 ||    10
Dodge: Dodged            |    21 |    27 |     4 ||    52

Table legend: (Time is in decaauts)
 A = Elapsed time spent in this place.
 B = Non-inter-level travel time spent in this place.
 C = Inter-level travel time spent in this place.
 D = Time resting spent in this place.
 E = Time spent auto-exploring this place.
 F = Levels seen in this place.
 G = Mean time per level.
                   A        B        C        D        E       F      G
               +--------+--------+--------+--------+--------+-----+--------+
         Total |   4275 |   4181 |     94 |    168 |   3283 |   4 | 1068.8 |
       Dungeon |   4275 |   4181 |     94 |    168 |   3283 |   4 | 1068.8 |
               +--------+--------+--------+--------+--------+-----+--------+

Top non-repeatable levels by time:
     D:3: 1634 daAuts
     D:1: 1460 daAuts
     D:2: 1147 daAuts
     D:4: 33 daAuts
